Cogmind - Beta 15 @@@ ROGUE MODE // 2025.06.26 @ 18:48:55 Player: Btuck Result: Destroyed by S-43 Plague with Heavy Machine Gun Performance ------------- Evolutions (8) 4000 Regions Visited (15) 3000 Robots Destroyed (65) 325 Value Destroyed (1898) 1898 Prototype IDs (13) 260 Alien Tech Used (0) 0 Bonus (425) 425 TOTAL SCORE: 9908 Bonus ------- Follower Combat Kills 125 Met Data Miner 300 Cogmind --------- Core Integrity 0/1450 Matter 259/300 Energy 100/100 System Corruption 0% Temperature Cool (0) Movement Core (50) Location -2/Research Parts ------- > --- POWER (2) -------- (None) > --- PROPULSION (8) --- (None) > --- UTILITY (11) ----- (None) > --- WEAPON (2) ------- (None) > --- INVENTORY (5) ---- Micro Antimatter Reactor Makeshift Light Armor Plating Advanced Thermal Shield Grenade Launcher Peak State ------------ > --- POWER ------------ Light Angular Momentum Engine F-cell Engine > --- PROPULSION ------- Nuclear Pulse Array Nuclear Pulse Array Nuclear Pulse Array > --- UTILITY ---------- Enhanced Optical Array Advanced Sensor Array Advanced Signal Interpreter Improved Terrain Scanner Seismic Detector Advanced Melee Analysis Suite Phase Shifter Graphene Brace Mini Drone Bay > --- WEAPON ----------- Force Lance Force Lance > --- INVENTORY -------- Nuclear Pulse Thruster Improved Sensor Array Improved Light Armor Plating Makeshift Light Armor Plating Grenade Launcher [Rating: 104] Favorites ----------- Power Ion Engine Engine Ion Engine Reactor Micro Antimatter Reactor Propulsion Aluminum Leg Leg Aluminum Leg Wheel Centrium Wheel Hover Unit Improved Antigrav System Flight Unit Nuclear Pulse Array Utility Seismic Detector Device Seismic Detector Storage Large Storage Unit Processor Visual Processing Unit Protection Hardened Medium Armor Plating Weapon Makeshift Axe Energy Gun Particle Gun Energy Cannon Beam Cannon Ballistic Gun Assault Rifle Ballistic Cannon Flak Cannon Launcher Grenade Launcher Special Weapon Advanced Remote Datajack Impact Weapon Power Maul Slashing Weapon Makeshift Axe Piercing Weapon Force Lance Build | -11 -10 -9 -9 -8 -7 -7 -7 -7 -6 -6 -5 -4 -4 -3 -2 ------- Run | Yrd Mat Mat Min Mat Fac Low Low Dat Pro Fac Fac Fac Ext Res Res Slots Evolved 16 | . . 2 . 2 2 . . . . 2 2 2 . 2 2 Power 1 | . . . . . . . . . . 1 . . . . . Propulsion 6 | . . 2 . . 1 . . . . . . 1 . 1 1 Utility 9 | . . . . 2 1 . . . . 1 2 1 . 1 1 Weapon . | . . . . . . . . . . . . . . . . Parts Attached 104 | 6 8 12 . 4 12 4 . . . 6 7 7 5 30 3 Power 13 | 1 1 1 . 1 2 1 . . . . 2 . . 3 1 Engine 9 | 1 1 1 . 1 2 1 . . . . 2 . . . . Core . | . . . . . . . . . . . . . . . . Reactor 4 | . . . . . . . . . . . . . . 3 1 Propulsion 37 | 2 4 4 . 1 4 1 . . . 1 2 1 2 15 . Treads . | . . . . . . . . . . . . . . . . Leg 12 | 2 4 4 . 1 1 . . . . . . . . . . Wheel 4 | . . . . . . . . . . . . . . 4 . Hover 3 | . . . . . . . . . . . . . . 3 . Flight 18 | . . . . . 3 1 . . . 1 2 1 2 8 . Utility 31 | 1 2 3 . 2 2 1 . . . 5 3 6 1 4 1 Device 18 | 1 . 2 . 1 1 1 . . . 1 3 3 1 3 1 Storage 3 | . 2 1 . . . . . . . . . . . . . Processor 6 | . . . . 1 . . . . . 3 . 1 . 1 . Hackware . | . . . . . . . . . . . . . . . . Protection 4 | . . . . . 1 . . . . 1 . 2 . . . Artifact . | . . . . . . . . . . . . . . . . Weapon 23 | 2 1 4 . . 4 1 . . . . . . 2 8 1 Energy Gun 8 | 1 1 1 . . 1 . . . . . . . . 4 . Energy Cannon 3 | . . 1 . . . . . . . . . . . 2 . Ballistic Gun 3 | 1 . 1 . . 1 . . . . . . . . . . Ballistic Cannon 1 | . . . . . 1 . . . . . . . . . . Launcher 1 | . . 1 . . . . . . . . . . . . . Special Weapon 1 | . . . . . . . . . . . . . . 1 . Impact Weapon 2 | . . . . . . . . . . . . . . 1 1 Slashing Weapon 2 | . . . . . 1 1 . . . . . . . . . Piercing Weapon 2 | . . . . . . . . . . . . . 2 . . Special Melee Weapon . | . . . . . . . . . . . . . . . . Unidentified Prototypes 3 | . . 1 . . . . . . . . 1 . . 1 . Corrupted Parts 2 | . . . . . . . . . . . . . . 2 . System Corruption 3 | . . . . . . . . . . . . . . 3 . Parts Lost 56 | . 1 . . . 11 1 . . 3 . . . 12 25 3 Power 8 | . . . . . 2 . . . 1 . . . 2 3 . Propulsion 24 | . . . . . 5 1 . . . . . . 5 11 2 Utility 14 | . . . . . 2 . . . 2 . . . 5 5 . Weapon 10 | . 1 . . . 2 . . . . . . . . 6 1 Highest Loss Streak 11 | . 1 . . . 10 11 . . 3 . . . 6 9 2 To Critical Strikes . | . . . . . . . . . . . . . . . . Average Backups 6 | . 3 8 13 13 14 4 5 5 5 4 4 4 4 3 4 Power . | . 1 1 1 1 . . 1 1 1 1 . . . . . Propulsion 1 | . . 3 5 5 5 1 . . . . . 1 . . . Utility 1 | . . 2 3 2 1 . 2 2 2 2 2 2 3 1 1 Weapon 2 | . . 2 4 5 5 2 2 2 2 1 1 1 1 1 1 Tool/Special . | . . . . . . . . . . . . . . . . Unused Backups 13 | . 1 . . 3 4 2 . . . . 1 . . . 2 Power 1 | . . . . . . . . . . . . . . . 1 Propulsion 2 | . . . . . 1 1 . . . . . . . . . Utility 4 | . 1 . . 1 1 . . . . . . . . . 1 Weapon 6 | . . . . 2 2 1 . . . . 1 . . . . Tool/Special . | . . . . . . . . . . . . . . . . Average Slot Usage (%) 72 | . 98 99 100 92 89 32 38 38 31 43 68 73 75 30 14 Engine 7 | . 14 11 11 9 6 5 7 7 5 . 3 10 9 . . Leg 16 | . 28 43 44 36 31 . . . . . . . . . . Flight 5 | . . . . . . 5 7 7 7 6 14 14 15 8 4 Device 13 | . 14 11 11 13 13 12 15 15 10 5 15 21 24 3 1 Storage 4 | . 13 11 11 9 6 . . . . . . . . . . Processor 7 | . . . . 5 7 7 7 7 7 23 22 15 14 1 2 Protection 1 | . . . . . 5 . . . . . 5 5 . 1 . Energy Gun 5 | . 14 11 11 9 6 . . . . . . . . 1 . Energy Cannon 1 | . . 2 11 8 1 . . . . . . . . 1 . Ballistic Gun 3 | . 13 6 . . 2 . . . . . . . . . . Slashing Weapon 1 | . . . . . . . . . . 5 5 5 4 . . Peak Build Rating 104 | 6 9 13 12 19 29 18 15 15 15 36 75 90 104 77 36 Average Rating 32 | 5 6 11 12 15 24 12 15 15 12 26 58 85 89 44 21 On Entrance 22 | . 6 9 12 12 19 8 15 15 15 7 36 74 90 18 24 Naked Turns 78 | . . . . . . . . . . . . . 22 2 54 Heaviest Build 50 | 10 50 32 32 35 47 9 6 6 6 7 31 33 37 33 12 Greatest Support 64 | 20 20 40 40 40 50 8 8 8 8 14 32 39 39 64 14 Greatest Overweight (x) 5 | . 2 . . 1 1 2 . . . . 1 . 3 5 3 Average Overweight (x) . | . . . . . . . . . . . . . . . . Largest Inventory Capacity 20 | 5 20 15 15 15 15 5 5 5 5 5 5 5 5 5 5 Average Capacity 9 | 5 12 13 15 15 14 5 5 5 5 5 5 5 5 5 5 Most Carried 15 | 1 10 13 14 15 15 5 5 5 5 5 5 5 5 5 5 Average Carried 6 | . 3 8 13 13 14 4 5 5 5 4 4 3 4 3 4 Final Capacity 15 | 5 10 15 15 15 5 5 5 5 5 5 5 5 5 5 5 Final Carried 15 | 1 10 13 14 15 4 5 5 5 5 5 5 5 4 4 4 Class Distribution -------------------- 36% | Mutant 34% | Scavenger-Mutant 22% | Scout 3% | Gladiator Dominant Class ---------------- Mutant | -10/Materials Scavenger-Mutant | -9/Materials Scavenger-Mutant | -9/Mines Scavenger-Mutant | -8/Materials Scavenger-Mutant | -7/Factory Mutant | -7/Lower Caves Mutant | -7/Lower Caves Mutant | -7/Data Miner Mutant | -6/Proximity Caves Scout | -6/Factory Scout | -5/Factory Scout | -4/Factory Scout | -4/Extension Mutant | -3/Research Mutant | -2/Research Resources | -11 -10 -9 -9 -8 -7 -7 -7 -7 -6 -6 -5 -4 -4 -3 -2 ----------- Run | Yrd Mat Mat Min Mat Fac Low Low Dat Pro Fac Fac Fac Ext Res Res Matter Collected 1483 | 284 158 217 46 55 55 134 18 . . . . . 300 169 47 Remotely . | . . . . . . . . . . . . . . . . Salvage Created 2076 | 157 581 379 . 129 236 . . . . . . . 336 219 39 Parts 139 | 9 41 20 . 13 20 . . . . . . . 15 21 . Haulers Intercepted . | . . . . . . . . . . . . . . . . Recyclers Shooed 2 | . . 1 . 1 . . . . . . . . . . . Parts Field Recycled . | . . . . . . . . . . . . . . . . Retrieved Matter . | . . . . . . . . . . . . . . . . Parts Self-Destructed 9 | . . . . . . 1 . . 8 . . . . . . Prevented . | . . . . . . . . . . . . . . . . Kills | -11 -10 -9 -9 -8 -7 -7 -7 -7 -6 -6 -5 -4 -4 -3 -2 ------- Run | Yrd Mat Mat Min Mat Fac Low Low Dat Pro Fac Fac Fac Ext Res Res Combat Hostiles Destroyed 54 | . 19 8 . 5 5 . . . . . . . 12 5 . Melee 13 | . . . . . . . . . . . . . 12 1 . Guns 29 | . 19 2 . 4 3 . . . . . . . . 1 . Cannons 7 | . . 3 . 1 1 . . . . . . . . 2 . AOE 4 | . . 3 . . . . . . . . . . . 1 . Classes Destroyed 13 | 2 3 2 . . 3 . . . . . . . 3 . . Builder 4 | . . . . . 4 . . . . . . . . . . Tunneler 5 | 3 . 1 . . 1 . . . . . . . . . . Recycler 2 | 1 . 1 . . . . . . . . . . . . . Watcher 7 | . 3 2 . 1 . . . . . . . . . . 1 Swarmer 19 | . 9 3 . 4 . . . . . . . . . 3 . Grunt 13 | . 10 2 . . 1 . . . . . . . . . . Brawler 1 | . . . . . 1 . . . . . . . . . . Duelist 2 | . . 1 . . 1 . . . . . . . . . . Sentry 6 | . . 2 . 1 1 . . . . . . . 2 . . Demolisher 2 | . . . . . . . . . . . . . 2 . . Hunter 1 | . . . . . . . . . . . . . 1 . . Programmer 3 | . . . . . 1 . . . . . . . . 2 . Assembled 7 | . . . . . . . . . . . . . 7 . . Best Kill Streak 6 | 2 5 3 . 5 6 . . . . . . . 3 3 1 Combat Bots Only 5 | . 5 3 . 4 3 . . . . . . . 3 3 . Max Kills in Single Turn 3 | 1 1 2 . 1 3 . . . . . . . 1 1 1 Gunslinging . | . . . . . . . . . . . . . . . . Exploded 2 | . . 2 . . . . . . . . . . . 1 . Melee 1 | . . . . . . . . . . . . . 1 1 . Uniques/NPCs Destroyed . | . . . . . . . . . . . . . . . . Combat | -11 -10 -9 -9 -8 -7 -7 -7 -7 -6 -6 -5 -4 -4 -3 -2 -------- Run | Yrd Mat Mat Min Mat Fac Low Low Dat Pro Fac Fac Fac Ext Res Res Hostile Shots Fired 772 | . 69 33 . 23 141 18 . . 20 . . . 135 244 89 Missed 313 | . 27 13 . 7 69 8 . . 9 . . . 56 97 27 Hits 459 | . 42 20 . 16 72 10 . . 11 . . . 79 147 62 Melee 13 | . . 2 . . 8 . . . . . . . 3 . . Projectile 446 | . 42 18 . 16 64 10 . . 11 . . . 76 147 62 AOE 4 | . . . . . . . . . . . . . 4 . . Critical Strikes 25 | . . 2 . . 5 . . . . . . . 3 14 1 Actively Blocked 3 | . . . . . . . . . . . . . 3 . . Part Disruptions 2 | . . . . . . . . . . . . . 1 1 . Damage Taken 9550 | . 445 309 . 179 1345 169 . . 141 . . . 1680 3488 1794 Core 3484 | . 71 18 . 8 342 124 . . 55 . . . 609 804 1453 Absorbed by Shields 6 | . . . . . . . . . . . . . . 6 . Core Remaining (%) 74 | 100 71 . 95 98 . . . . 25 100 100 . 47 38 . Volleys Fired 133 | 8 41 27 . 8 18 . . . . . . . . 31 . Largest 2 | 2 2 2 . 2 2 . . . . . . . . 2 . Hottest 175 | 70 70 125 . 125 125 . . . . . . . . 175 . Shots Fired 233 | 16 79 47 . 16 36 . . . . . . . . 39 . Gun 173 | 16 79 32 . 8 21 . . . . . . . . 17 . Cannon 56 | . . 13 . 8 15 . . . . . . . . 20 . Launcher 2 | . . 2 . . . . . . . . . . . . . Special 2 | . . . . . . . . . . . . . . 2 . Kinetic 66 | 8 38 8 . . 12 . . . . . . . . . . Thermal 148 | 8 41 37 . 16 24 . . . . . . . . 22 . Explosive 2 | . . 2 . . . . . . . . . . . . . Electromagnetic 15 | . . . . . . . . . . . . . . 15 . Robot Hit Streak 18 | 4 18 12 . 5 8 . . . . . . . . 10 . Robot Miss Streak 5 | 3 2 5 . 2 4 . . . . . . . . 5 . Penetration Max . | . . . . . . . . . . . . . . . . Secondary Targets 4 | . 4 . . . . . . . . . . . . . . Max Gunslinging Chain 1 | . 1 . . . . . . . . . . . . . . Shots Hit Robots 185 | 9 58 27 . 9 28 . . . . 2 1 . 23 27 1 Core Hits 116 | 5 31 16 . 8 30 . . . . . . . 13 12 1 Critical Kills 1 | . . . . . 1 . . . . . . . . . . Critical Parts Destroyed . | . . . . . . . . . . . . . . . . Critical Strikes 14 | . 3 1 . . 1 . . . . . . . 6 3 . Burn 7 | . 3 1 . . . . . . . . . . . 3 . Meltdown 1 | . . . . . 1 . . . . . . . . . . Sever 2 | . . . . . . . . . . . . . 2 . . Impale 4 | . . . . . . . . . . . . . 4 . . Melee Attacks 94 | . . . . . 6 . . . . 19 1 3 49 5 11 Impact 16 | . . . . . . . . . . . . . . 5 11 Slashing 43 | . . . . . 6 . . . . 19 1 3 14 . . Piercing 35 | . . . . . . . . . . . . . 35 . . Sneak Attacks 3 | . . . . . . . . . . . 1 . 2 . . Combat Hostiles 1 | . . . . . . . . . . . . . 1 . . Follow-up Attacks 6 | . . . . . . . . . . . . . 6 . . Damage Inflicted 4818 | 111 761 576 . 174 1019 . . . . 91 77 . 1127 788 94 Guns 2103 | 111 751 287 . 115 430 . . . . . . . . 409 . Cannons 545 | . . 142 . 54 226 . . . . . . . . 123 . Explosions 696 | . . 144 . . 363 . . . . . . . . 189 . Melee 1428 | . . . . . . . . . . 91 77 . 1127 62 71 Ramming 46 | . 10 3 . 5 . . . . . . . . . 5 23 Kinetic 645 | 47 361 37 . . 200 . . . . . . . . . . Thermal 2124 | 64 390 392 . 169 456 . . . . . . . . 653 . Explosive 507 | . . 144 . . 363 . . . . . . . . . . Electromagnetic 68 | . . . . . . . . . . . . . . 68 . Impact 133 | . . . . . . . . . . . . . . 62 71 Slashing 460 | . . . . . . . . . . 91 77 . 292 . . Piercing 835 | . . . . . . . . . . . . . 835 . . Highest Corruption 17 | . . 3 3 . 1 1 1 1 1 . . . . 17 . Average Corruption 3 | . . 3 3 . 1 1 1 1 1 . . . . 13 . Corruption Purged . | . . . . . . . . . . . . . . . . Corruption Blocked . | . . . . . . . . . . . . . . . . Effects 41 | . . 12 2 . 3 1 2 . 1 . . . . 20 . Message Errors 5 | . . 3 . . . . . . . . . . . 2 . Matter Fused 13 | . . 4 2 . . 1 . . . . . . . 6 . Heat Flow Errors 4 | . . . . . 1 . . . 1 . . . . 2 . Energy Discharges 4 | . . 2 . . . . 1 . . . . . . 1 . Parts Fused 1 | . . 1 . . . . . . . . . . . . . Data Loss (minor) 8 | . . . . . 2 . 1 . . . . . . 5 . Data Loss (major) 2 | . . 1 . . . . . . . . . . . 1 . Alerts 1 | . . 1 . . . . . . . . . . . . . Misdirections 2 | . . . . . . . . . . . . . . 2 . Weapon Failures 1 | . . . . . . . . . . . . . . 1 . Overload Shots . | . . . . . . . . . . . . . . . . Overflow Damage 149 | . . . . . 21 . . . . 21 37 . 49 20 1 Projectiles 3 | . . . . . . . . . . . . . . 3 . Explosions 38 | . . . . . 21 . . . . . . . . 17 . Melee 108 | . . . . . . . . . . 21 37 . 49 . 1 Knockbacks 5 | . . . . . 4 . . . . . . . . 1 . Impact 1 | . . . . . . . . . . . . . . 1 . Kinetic 4 | . . . . . 4 . . . . . . . . . . Secondary . | . . . . . . . . . . . . . . . . Self-Inflicted Damage 246 | . . . . . 152 . . . . . . . . 85 9 Shots 3 | . . . . . 2 . . . . . . . . 1 . Rammed 10 | . . . . . . . . . . . . . . 2 8 Targets Rammed 15 | . 2 2 . 1 . . . . . . . . . 2 8 Kicked 5 | . 2 2 . 1 . . . . . . . . . . . Crushed . | . . . . . . . . . . . . . . . . Highest Temperature 180 | 27 96 153 . 180 168 . . . 170 . . . 3 103 . Average Temperature 46 | 13 38 47 . 80 55 . . . 94 . . . 2 49 . Received Heat Transfer 743 | . 162 69 . 27 111 45 . . 24 . . . 203 57 45 Siege Activations . | . . . . . . . . . . . . . . . . Martial Activations . | . . . . . . . . . . . . . . . . Shielding Activations . | . . . . . . . . . . . . . . . . Robots Disrupted . | . . . . . . . . . . . . . . . . Combat Hostiles . | . . . . . . . . . . . . . . . . Robots Corrupted 1 | . . . . . . . . . . . . . . . 1 Combat Hostiles . | . . . . . . . . . . . . . . . . Parts Fried 2 | . . . . . . . . . . . . . . . 2 Impact Corruptions 1 | . . . . . . . . . . . . . . . 1 Robots Melted 1 | . . . . . 1 . . . . . . . . . . Combat Hostiles 1 | . . . . . 1 . . . . . . . . . . Parts Melted 11 | . . 5 . 1 4 . . . . . . . . 1 . Heat Transferred 4811 | 185 1332 999 . 370 996 . . . . . . . . 929 . Parts Sabotaged . | . . . . . . . . . . . . . . . . Parts Stolen . | . . . . . . . . . . . . . . . . Parts Stripped . | . . . . . . . . . . . . . . . . Power Chain Reactions 1 | . . . . . . . . . . . . . . 1 . Alert | -11 -10 -9 -9 -8 -7 -7 -7 -7 -6 -6 -5 -4 -4 -3 -2 ------- Run | Yrd Mat Mat Min Mat Fac Low Low Dat Pro Fac Fac Fac Ext Res Res Maximum Alert Level 1 | . 1 1 . . . . . . . . . . . . . Low Security (%) 97 | 100 86 96 100 100 100 . . . . 100 100 100 100 100 100 Level 1 2 | . 13 3 . . . . . . . . . . . . . Level 2 . | . . . . . . . . . . . . . . . . Level 3 . | . . . . . . . . . . . . . . . . Level 4 . | . . . . . . . . . . . . . . . . Level 5 . | . . . . . . . . . . . . . . . . High Security . | . . . . . . . . . . . . . . . . Max Security . | . . . . . . . . . . . . . . . . Peak Influence 301 | 10 301 211 46 81 103 . . . . 17 14 15 76 196 113 Initial 123 | . . 123 46 1 9 . . . . 12 . . 2 39 96 Average 43 | 2 90 120 27 32 7 . . . . 3 . 1 17 37 80 Influence Increases 2370 | 20 490 307 . 129 222 60 . . 120 76 14 19 364 452 97 Destroy 0b10 Robot/C 1040 | . 380 160 . 100 100 . . . 80 . . . 120 100 . Destroy 0b10 Robot/NC 95 | 20 15 20 . 5 25 . . . . . . . 5 . 5 Destroy Leader 226 | . 76 54 . 22 20 . . . . . . . 32 20 2 Allied During Kill 26 | . . . . . . . . . 10 . . . 16 . . Successful Hack 111 | . 19 31 . . 14 . . . . . 14 . 33 . . Disable Machine 60 | . . . . . 30 . . . . 15 . 15 . . . Destroy Structure 122 | . . 12 . 2 33 . . . . 16 . 4 8 32 15 Partial Spotted 105 | . . . . . . . . . . 30 . . 60 15 . Lose Combat Pursuer 585 | . . 30 . . . 60 . . 30 15 . . 90 285 75 Influence Decreases 2297 | 20 197 480 114 114 220 83 . . 100 95 15 14 293 355 197 Entered New Map 396 | . . 170 74 5 12 9 . . . 8 1 . 3 37 77 Time Decay 1455 | 20 187 310 40 109 118 64 . . 50 87 14 14 192 160 90 Lost Part 384 | . 10 . . . 90 10 . . 30 . . . 56 158 30 Lost Ally 62 | . . . . . . . . . 20 . . . 42 . . Squads Dispatched 17 | . 3 4 . . 4 . . . . 1 . . 2 3 . Investigation 8 | . 3 3 . . . . . . . 1 . . 1 . . Extermination 4 | . . . . . 2 . . . . . . . . 2 . Reinforcement 5 | . . 1 . . 2 . . . . . . . 1 1 . Assault . | . . . . . . . . . . . . . . . . Garrison . | . . . . . . . . . . . . . . . . Intercept . | . . . . . . . . . . . . . . . . Searches Triggered . | . . . . . . . . . . . . . . . . Data Miner Redirects 1 | . . . . . . . . . . . . . 1 . . Construction Impeded 1 | . . . . . 1 . . . . . . . . . . Haulers Reinforced . | . . . . . . . . . . . . . . . . Active Scanning Responses . | . . . . . . . . . . . . . . . . Cargo Convoy Interrupts 1 | . . . . . 1 . . . . . . . . . . Stealth | -11 -10 -9 -9 -8 -7 -7 -7 -7 -6 -6 -5 -4 -4 -3 -2 --------- Run | Yrd Mat Mat Min Mat Fac Low Low Dat Pro Fac Fac Fac Ext Res Res Distress Signals 9 | . 1 3 . . . . . . . 1 . . 4 . . Communications Jammed . | . . . . . . . . . . . . . . . . Distress Signals . | . . . . . . . . . . . . . . . . Times Spotted 182 | . 22 16 . 8 31 5 . . 12 4 . 1 36 36 11 Peak Tracking Total 17 | . 5 6 . 4 17 4 . . 7 2 . 1 11 14 7 Tactical Retreats 24 | . . 2 . . . 3 . . 2 1 . . 7 7 2 Traps | -11 -10 -9 -9 -8 -7 -7 -7 -7 -6 -6 -5 -4 -4 -3 -2 ------- Run | Yrd Mat Mat Min Mat Fac Low Low Dat Pro Fac Fac Fac Ext Res Res Traps Triggered 9 | . 2 1 . 2 1 . . . . . . . 1 2 . Indirectly . | . . . . . . . . . . . . . . . . Trap Hack Attempts . | . . . . . . . . . . . . . . . . Triggered . | . . . . . . . . . . . . . . . . Disarmed 6 | . 6 . . . . . . . . . . . . . . Reprogrammed . | . . . . . . . . . . . . . . . . Reused . | . . . . . . . . . . . . . . . . Traps Extracted . | . . . . . . . . . . . . . . . . Installed . | . . . . . . . . . . . . . . . . Triggered . | . . . . . . . . . . . . . . . . Machines | -11 -10 -9 -9 -8 -7 -7 -7 -7 -6 -6 -5 -4 -4 -3 -2 ---------- Run | Yrd Mat Mat Min Mat Fac Low Low Dat Pro Fac Fac Fac Ext Res Res Machines Disabled 4 | . . . . . 2 . . . . 1 . 1 . . . Max in Single Turn 1 | . . . . . 1 . . . . 1 . 1 . . . Machines Repaired . | . . . . . . . . . . . . . . . . Machines Dismantled . | . . . . . . . . . . . . . . . . Machines Sabotaged . | . . . . . . . . . . . . . . . . Overloaded Fab Kills . | . . . . . . . . . . . . . . . . Hacking | -11 -10 -9 -9 -8 -7 -7 -7 -7 -6 -6 -5 -4 -4 -3 -2 --------- Run | Yrd Mat Mat Min Mat Fac Low Low Dat Pro Fac Fac Fac Ext Res Res Machines Accessed 29 | . 5 6 . . 4 1 . 4 . 2 2 1 4 . . Terminals 23 | . 5 6 . . 3 . . . . 2 2 1 4 . . Fabricators 1 | . . . . . 1 . . . . . . . . . . Repair Stations . | . . . . . . . . . . . . . . . . Recycling Units . | . . . . . . . . . . . . . . . . Scanalyzers . | . . . . . . . . . . . . . . . . Garrison Access . | . . . . . . . . . . . . . . . . Total Hacks 90 | . 18 17 . . 6 1 . 31 . 5 4 2 6 . . Successful 62 | . 10 11 . . 3 1 . 31 . 2 1 . 3 . . Failed 28 | . 8 6 . . 3 . . . . 3 3 2 3 . . Catastrophic 4 | . 1 . . . 1 . . . . . 1 . 1 . . Database Lockouts . | . . . . . . . . . . . . . . . . Manual 51 | . 15 15 . . 3 . . . . 4 4 2 8 . . Terminals 57 | . 18 17 . . 5 . . . . 5 4 2 6 . . Fabricators 1 | . . . . . 1 . . . . . . . . . . Repair Stations . | . . . . . . . . . . . . . . . . Recycling Units . | . . . . . . . . . . . . . . . . Scanalyzers . | . . . . . . . . . . . . . . . . Garrison Access . | . . . . . . . . . . . . . . . . Terminal Hacks 46 | . 6 5 . . 1 1 . 31 . 1 . . 1 . . Record 14 | . . 1 . . . . . 11 . 1 . . 1 . . Part Schematic 11 | . . . . . . . . 11 . . . . . . . Robot Schematic 6 | . . . . . . . . 6 . . . . . . . Robot Analysis 3 | . 2 1 . . . . . . . . . . . . . Prototype ID Bank 3 | . . . . . . . . 3 . . . . . . . Open Door 1 | . . . . . . 1 . . . . . . . . . Open DSF 1 | . . . . . 1 . . . . . . . . . . Terminal Index 2 | . 1 1 . . . . . . . . . . . . . Disarm Traps 1 | . 1 . . . . . . . . . . . . . . Dispatch Records 1 | . 1 . . . . . . . . . . . . . . Patrol Status 2 | . 1 1 . . . . . . . . . . . . . Zone Layout 1 | . . 1 . . . . . . . . . . . . . Fabricator Hacks 1 | . . . . . 1 . . . . . . . . . . Network Status 1 | . . . . . 1 . . . . . . . . . . Repair Station Hacks . | . . . . . . . . . . . . . . . . Recycling Unit Hacks . | . . . . . . . . . . . . . . . . Scanalyzer . | . . . . . . . . . . . . . . . . Garrison Access Hacks . | . . . . . . . . . . . . . . . . Unauthorized Hacks 15 | . 4 6 . . 1 . . . . 1 1 . 2 . . Terminals 15 | . 4 6 . . 1 . . . . 1 1 . 2 . . Botnet 15 | . 4 6 . . 1 . . . . 1 1 . 2 . . Fabricators . | . . . . . . . . . . . . . . . . Repair Stations . | . . . . . . . . . . . . . . . . Recycling Units . | . . . . . . . . . . . . . . . . Scanalyzers . | . . . . . . . . . . . . . . . . Garrison Access . | . . . . . . . . . . . . . . . . Data Cores Recovered . | . . . . . . . . . . . . . . . . Used . | . . . . . . . . . . . . . . . . Hacking Detections 22 | . 5 5 . . 2 . . . . 2 2 1 5 . . Full Trace Events 9 | . 4 3 . . . . . . . 1 . . 1 . . Feedback Events . | . . . . . . . . . . . . . . . . Feedback Blocked . | . . . . . . . . . . . . . . . . Robot Schematics Acquired 6 | . . . . . . . . 6 . . . . . . . Robots Built . | . . . . . . . . . . . . . . . . Authchips . | . . . . . . . . . . . . . . . . Time . | . . . . . . . . . . . . . . . . Total Robot Build Rating . | . . . . . . . . . . . . . . . . Part Schematics Acquired 11 | . . . . . . . . 11 . . . . . . . Parts Built . | . . . . . . . . . . . . . . . . Authchips . | . . . . . . . . . . . . . . . . Time . | . . . . . . . . . . . . . . . . Total Part Build Rating . | . . . . . . . . . . . . . . . . Parts Repaired . | . . . . . . . . . . . . . . . . Time . | . . . . . . . . . . . . . . . . Parts Recycled . | . . . . . . . . . . . . . . . . Recycled Matter . | . . . . . . . . . . . . . . . . Retrieved Matter . | . . . . . . . . . . . . . . . . Retrieved Components . | . . . . . . . . . . . . . . . . Parts Scanalyzed . | . . . . . . . . . . . . . . . . Part Schematics Acquired . | . . . . . . . . . . . . . . . . Parts Damaged . | . . . . . . . . . . . . . . . . Bothacking | -11 -10 -9 -9 -8 -7 -7 -7 -7 -6 -6 -5 -4 -4 -3 -2 ------------ Run | Yrd Mat Mat Min Mat Fac Low Low Dat Pro Fac Fac Fac Ext Res Res Used RIF Installer . | . . . . . . . . . . . . . . . . Robots Hacked . | . . . . . . . . . . . . . . . . Non-combat . | . . . . . . . . . . . . . . . . Combat . | . . . . . . . . . . . . . . . . Robot Hacks Applied . | . . . . . . . . . . . . . . . . Relay Couplers Released . | . . . . . . . . . . . . . . . . Fabnet Peak Effective % . | . . . . . . . . . . . . . . . . Robots Rewired . | . . . . . . . . . . . . . . . . Allies Hacked . | . . . . . . . . . . . . . . . . Hacks Repelled . | . . . . . . . . . . . . . . . . Allies | -11 -10 -9 -9 -8 -7 -7 -7 -7 -6 -6 -5 -4 -4 -3 -2 -------- Run | Yrd Mat Mat Min Mat Fac Low Low Dat Pro Fac Fac Fac Ext Res Res Total Allies 5 | . . . . . . . . . 1 . . . 4 . . Largest Group 2 | . . . . . . . . . 1 . . . 2 . . Highest-Rated Group 96 | . . . . . . . . . 96 . . . 84 . . Highest-Rated Ally 96 | . . . . . . . . . 96 . . . 46 . . Total Orders 6 | . . . . . . . . . . . . 6 . . . EXPLORE 3 | . . . . . . . . . . . . 3 . . . RETURN 3 | . . . . . . . . . . . . 3 . . . Ally Attacks 28 | . . . . . . . . . 18 . . . 10 . . Total Damage 816 | . . . . . . . . . 416 . . . 400 . . Kills 6 | . . . . . . . . . 4 . . . 2 . . Allies Corrupted . | . . . . . . . . . . . . . . . . Allies Melted 1 | . . . . . . . . . . . . . 1 . . Intel | -11 -10 -9 -9 -8 -7 -7 -7 -7 -6 -6 -5 -4 -4 -3 -2 ------- Run | Yrd Mat Mat Min Mat Fac Low Low Dat Pro Fac Fac Fac Ext Res Res Active Infowar (turns) 5099 | 80 794 673 91 280 824 162 90 70 153 405 253 146 774 223 81 Optics 3061 | . . . . 190 824 162 90 70 153 405 253 146 768 . . Sensors 2299 | . . . . 158 299 . . . . 372 253 146 767 223 81 Terrain 1608 | . . . . . 252 162 90 70 113 . 32 146 743 . . Seismic 3359 | 80 794 673 91 280 307 104 90 70 101 . . 51 718 . . Robot Analysis Total 3 | . 2 1 . . . . . . . . . . . . . Derelict Logs Recovered 3 | . . . 1 . . 1 . . 1 . . . . . . Drone Launches 6 | . . . . . . . . . . . . 6 . . . Drone Recoveries 6 | . . . . . . . . . . . . 6 . . . Exploration | -11 -10 -9 -9 -8 -7 -7 -7 -7 -6 -6 -5 -4 -4 -3 -2 ------------- Run | Yrd Mat Mat Min Mat Fac Low Low Dat Pro Fac Fac Fac Ext Res Res Turns Passed 5579 | 114 794 685 91 280 824 162 90 70 153 405 253 146 800 514 198 Spaces Moved 5338 | 70 433 415 76 199 524 269 163 128 275 599 268 272 942 535 170 Core 154 | 4 . . . . . 72 . . . . . . 59 5 14 Treads . | . . . . . . . . . . . . . . . . Legs 1641 | 66 433 415 76 199 452 . . . . . . . . . . Wheels 32 | . . . . . . . . . . . . . . 32 . Hover 34 | . . . . . . . . . . . . . . 34 . Flight 3477 | . . . . . 72 197 163 128 275 599 268 272 883 464 156 Fastest Speed 28 | 50 120 120 120 120 32 35 55 55 55 44 34 34 31 28 37 Average Speed 74 | 116 146 120 120 120 122 54 55 55 55 53 57 34 44 45 45 Slowest Speed 300 | 120 260 120 120 190 190 150 55 55 55 55 117 34 200 300 200 Overloaded Moves . | . . . . . . . . . . . . . . . . Propulsion Burnouts . | . . . . . . . . . . . . . . . . Robots Hopped 59 | . . . . . 1 . . . 1 1 . . 48 8 . Potential Cave-ins 9 | . . . . . 2 . . . . . . . 4 . 3 Cave-ins Triggered 2 | . . . . . . . . . . . . . . . 2 Exploration Rate (%) 29 | 5 53 38 24 20 16 39 41 76 49 14 5 10 57 18 5 Regions Visited 15 Branch Regions 6 Pre-discovered Areas 1 | . . . . . . . . 1 . . . . . . . Known Exits Taken 3 | . . . . . . . . . . 1 1 1 . . . Unknown Exits Taken 12 | 1 1 1 1 1 1 1 1 1 1 . . . 1 1 . Scrap Searched 5 | . . . 1 . . 2 2 . . . . . . . . Spaces Dug 41 | . . . . . 5 . . . . 16 . 2 4 5 9 Terrain Destroyed 98 | . . 10 . . 45 . . . . 16 . 2 4 12 9 Melee 40 | . . . . . 5 . . . . 16 . 2 4 4 9 Projectile 2 | . . . . . . . . . . . . . . 2 . AOE 56 | . . 10 . . 40 . . . . . . . . 6 . Terrain Rammed . | . . . . . . . . . . . . . . . . Walls Destroyed . | . . . . . . . . . . . . . . . . Machines Disabled . | . . . . . . . . . . . . . . . . Actions | -11 -10 -9 -9 -8 -7 -7 -7 -7 -6 -6 -5 -4 -4 -3 -2 --------- Run | Yrd Mat Mat Min Mat Fac Low Low Dat Pro Fac Fac Fac Ext Res Res Total 6508 | 84 512 555 76 223 658 284 162 127 275 658 367 322 1197 740 268 Wait 778 | . 13 72 . . 86 5 . . 2 32 77 31 256 133 71 Move 5225 | 69 432 414 75 198 521 268 162 127 272 596 267 271 866 518 169 Hop 38 | . . . . . 1 . . . 1 1 . . 27 8 . Pick Up 42 | 1 9 9 1 6 3 2 . . . 2 4 1 . 2 2 Fast Attach 75 | 6 3 3 . 3 3 4 . . . 6 6 4 6 29 2 Attach 29 | . . 5 . 2 8 . . . . 1 3 3 3 2 2 Detach 23 | . 1 5 . . 2 2 . . . . 3 4 . 5 1 Swap 20 | . 5 9 . 1 3 . . . . . . 2 . . . Drop 46 | . 6 9 . 4 7 3 . . . 1 6 3 3 3 1 Fire 133 | 8 41 27 . 8 18 . . . . . . . . 31 . Melee 81 | . . . . . 6 . . . . 19 1 3 36 5 11 Ram 10 | . . . . . . . . . . . . . . 2 8 Kick 5 | . 2 2 . 1 . . . . . . . . . . . Crush . | . . . . . . . . . . . . . . . . Escape Stasis 3 | . . . . . . . . . . . . . . 2 1 Rewire . | . . . . . . . . . . . . . . . . Trap . | . . . . . . . . . . . . . . . . Miscellaneous . | . . . . . . . . . . . . . . . . Route ------- -11/Scrapyard -10/Materials (discovered 2 exits: *Mat / [*Min]) -9/Materials (discovered 2 exits: [*Mat] / [*Min]) -9/Mines -8/Materials (discovered 2 exits: *Fac / Sto) -7/Factory -7/Lower Caves -7/Lower Caves -7/Data Miner -6/Proximity Caves -6/Factory (discovered 2 exits: *Fac x2) -5/Factory -4/Factory (discovered 2 exits: *Upp / *Ext) -4/Extension (discovered 2 exits: [*Res] / [*Cet]) -3/Research -2/Research History --------- Turn | Location | Event 3 | -11/Scrapyard | Discovered new exit (range 15) 115 | -11/Scrapyard | Entered Materials 316 | -10/Materials | Build established: Mutant 600 | -10/Materials | Discovered new exit (range 12) 765 | -10/Materials | Discovered new exit (range 10) 909 | -10/Materials | Entered another Materials area 909 | -9/Materials | Evolved 2 slots: Propulsion x2 1161 | -9/Materials | Build established: Scavenger-Mutant 1468 | -9/Materials | Discovered new exit (range 16) 1562 | -9/Materials | Discovered new exit (range 9) 1594 | -9/Materials | Entered Mines 1660 | -9/Mines | Discovered new exit (range 11) 1670 | -9/Mines | Received a Rocket Launcher from a helpful Derelict 1685 | -9/Mines | Entered Materials 1685 | -8/Materials | Evolved 2 slots: Utility x2 1686 | -8/Materials | Identified exit to Storage 1909 | -8/Materials | Discovered new exit (range 13) 1965 | -8/Materials | Entered Factory 1965 | -7/Factory | Evolved 2 slots: Propulsion x1, Utility x1 2045 | -7/Factory | Identified exit to DSF 2748 | -7/Factory | Cargo convoy interrupted 2787 | -7/Factory | Discovered new exit (range 7) 2789 | -7/Factory | Entered Lower Caves 2804 | -7/Lower Caves | Core integrity fell below 50% 2821 | -7/Lower Caves | Lost 11 parts (2p6n1u2w) 2829 | -7/Lower Caves | Found DCF Scrap (14 items) 2838 | -7/Lower Caves | Learned 12 Factory zone layouts 2923 | -7/Lower Caves | Discovered new exit (range 12) 2951 | -7/Lower Caves | Entered another Lower Caves area 3031 | -7/Lower Caves | Discovered new exit (range 16) 3041 | -7/Lower Caves | Entered Data Miner 3041 | -7/Data Miner | Discovered new exit (range 6) 3051 | -7/Data Miner | Build established: Mutant 3051 | -7/Data Miner | Met Data Miner 3077 | -7/Data Miner | Learned location of Section 7 (-2) 3077 | -7/Data Miner | Acquired the access code to Warlord's prototype stash 3087 | -7/Data Miner | Received God Mode back door access code from Data Miner 3111 | -7/Data Miner | Entered Proximity Caves 3168 | -6/Proximity Caves | Attracted the attention of an 0b10 checkpoint 3194 | -6/Proximity Caves | Escorted by Enhanced Grunt 3224 | -6/Proximity Caves | Spotted B-75 Beast 3240 | -6/Proximity Caves | Learned Factory security intel 3255 | -6/Proximity Caves | Lost 3 parts (1p2u) 3262 | -6/Proximity Caves | Discovered new exit (range 5) 3264 | -6/Proximity Caves | Entered Factory 3264 | -6/Factory | Evolved 2 slots: Power x1, Utility x1 3265 | -6/Factory | Identified exit to Factory 3596 | -6/Factory | Build established: Scout 3669 | -6/Factory | Entered another Factory area 3669 | -5/Factory | Evolved 2 slots: Utility x2 3695 | -5/Factory | Discovered new exit (range 10) 3755 | -5/Factory | Identified exit to Factory 3922 | -5/Factory | Entered another Factory area 3922 | -4/Factory | Evolved 2 slots: Propulsion x1, Utility x1 4006 | -4/Factory | Discovered new exit (range 10) 4030 | -4/Factory | Identified exit to Upper Caves 4065 | -4/Factory | Discovered new exit (range 6) 4067 | -4/Factory | Identified exit to Extension 4068 | -4/Factory | Entered Extension 4080 | -4/Extension | Rescued a captive Derelict 4081 | -4/Extension | Rescued a captive Derelict 4116 | -4/Extension | Assembled infested ambush trap array 4490 | -4/Extension | Rescued a captive Derelict 4491 | -4/Extension | Rescued a captive Derelict 4782 | -4/Extension | Incoming investigation squad redirected 4782 | -4/Extension | Spotted B-86 Titan 4784 | -4/Extension | Spotted B-86 Titan 4819 | -4/Extension | Lost 4 parts (2p2u) 4840 | -4/Extension | Released all parts (6) 4850 | -4/Extension | Core integrity fell below 50% 4856 | -4/Extension | Discovered new exit (range 16) 4857 | -4/Extension | Discovered new exit (range 14) 4867 | -4/Extension | Lost 6 parts (4n2u) 4868 | -4/Extension | Entered Research 4868 | -3/Research | Evolved 2 slots: Propulsion x1, Utility x1 5074 | -3/Research | System corruption reached 10% 5141 | -3/Research | Lost 9 parts (1p2n2u4w) 5194 | -3/Research | Build established: Mutant 5214 | -3/Research | Lost 6 parts (3n1u2w) 5360 | -3/Research | Core integrity fell below 50% 5364 | -3/Research | Lost 7 parts (2p4n1u) 5379 | -3/Research | Discovered new exit (range 10) 5382 | -3/Research | Entered another Research area 5382 | -2/Research | Evolved 2 slots: Propulsion x1, Utility x1 5405 | -2/Research | Lost 3 parts (2n1u) 5505 | -2/Research | Released all parts (4) 5527 | -2/Research | Crushed by falling debris 5546 | -2/Research | Core integrity fell below 50% 5567 | -2/Research | Crushed by falling debris 5567 | -2/Research | Core integrity fell below 20% 5580 | -2/Research | Destroyed by S-43 Plague with Heavy Machine Gun Last Messages --------------- 05505_ Slammed into S-43 Plague. 05509_ Penetrated by Slug. 05509_ Slug penetrates S-43 Plague. 05509_ Slammed into Y-72 Warden. 05510_ Destabilizing: Core damaged (-29). 05511_ Slammed into Y-72 Warden. 05527_ The unstable cave ceiling collapses. 05527_ Crushed by falling debris. 05537_ Power Maul destroyed. 05543_ S-43 Plague destroyed. 05567_ The unstable cave ceiling collapses. 05567_ Crushed by falling debris. 05567_ Hvy. Machine Gun crushed. 05568_ The unstable cave ceiling collapses. 05568_ Xenon Bombardment Thruster crushed. 05571_ The unstable cave ceiling collapses. 05571_ Y-72 Warden crushed by falling debris. 05571_ Lgt. Antimatter Reactor crushed. 05574_ Slug penetrates S-43 Plague. 05579_ Slammed into S-43 Plague. Map ----- +----------------------------------------------------+ | ?????????????????????????????# #?# # | | ?????????????????????????????#########?# # !! | | ???????????????????????????????????????# # ! | | ???????????????????????????????????????# # *! | | ???????????????????????????????????????# # | | ???????????????????????????????????????# # | | ??????????????????????????????????????? / | | ??????????????????????????????????????? # """ | | ?????????????????????????????????????? # """ | | ?????????????????????????????????????? # """ | | ????????????????????????????????????? + | | ??????????????????????????????????????? # | | ??????????????????????????????????????? ???###+## | | ????????????????????????????????????? ??# | | ????????????????????????????????????? ?# | | ???????????????????????????????????? ?# | | ????????????????????????????? ??? # | | ????????????????????????????? ? #####+ | | ????????????????????????????? ? | | ?????????????????????????????# ? | | ?????????????????????????????# #????##### | | ?????????????????????????????# #????????# | | ??????????????????????####???# #????????# | | ??????????????????????# ###?# #????????##### | | ??????????????????????## #s#?# #?????########% | | ??????????????????????# s@#??# #?????# | | ??????????????????????##Ys##?# #?????# | | ???????????????????????# ###?# #?????# | | ?????????????????????#####=### ##????# | | ?????????????????????# # #????# | | ?????????????????????# # = ###### | | ?????????????????????# + !/* | | ?????????????????????# # ################ | | ?????????????????????# # #??????????????? | | ?????????????????????# #######??????????????? | | ?????????????????????#######?????????????????????? | | | | | | | | | | | | | | | | | | | | | | | | | | | | | +----------------------------------------------------+ Best States ------------- Heat Dissipation 84 Energy Generation 33 Energy Capacity 550 Matter Stores 300 Matter Capacity 300 Sight Range 22 Robot Scan Range 16 Terrain Scan Range 16 Terrain Scan Density 10 Armor Coverage 225 Power Shielding 66 Evasion (%) 72 Melee Accuracy 8 Target Analysis 8 Item Schematics ----------------- Combat Drone Bay | -7/Data Miner | Free Lgt. Regenerative Plating | -7/Data Miner | Free Cld. Cesium-ion Thruster | -7/Data Miner | Free Gravity Neutralizer | -7/Data Miner | Free Imp. Lightning Gun | -7/Data Miner | Free Thunder Leg | -7/Data Miner | Free Imp. Kinecellerator | -7/Data Miner | Free Smartbomb Launcher | -7/Data Miner | Free Dispersion Rifle | -7/Data Miner | Free Imp. Coolant Injector | -7/Data Miner | Free Adv. Datajack | -7/Data Miner | Free Robot Schematics ------------------ W-25 Informer | -7/Data Miner | Free M-14 Sweeper | -7/Data Miner | Free L-41 Fighter | -7/Data Miner | Free G-50 Soldier | -7/Data Miner | Free B-60 Warrior | -7/Data Miner | Free E-15 Imp | -7/Data Miner | Free Fabricated ------------ Nothing Repaired ---------- Nothing Alien Tech Used ----------------- None Achievements -------------- None Challenges ------------ None Game ------ Seed AssemblySmallScreen Manual? 0 Play Time 01:46:05 Cumulative 75.8 hours Start 2025.06.23 @ 23:26:30 End 2025.06.26 @ 18:48:55 Sessions 4 Manual Loads 0 Difficulty Rogue Special Mode None Game No. 103 Rogue 103 Adventurer 0 Explorer 0 Win Type - Total 1 Types 1/0/0/0/0/0/0/0/0/0 Lore% 40 Gallery% 42 Achievement% 39 Wizard Run 0 Options --------- Layout 2 ASCII 0 Keyboard 1 Movement Numpad Keybinds 0 Fullscreen 1 Font 32/Tamsyn Map View 50x44 Zoom Use 0% Tactical HUD 1 Map Filters NONE Filters NONE Steam 1 RUN: 3d43ac36-8e22-453b-8290-e6dcc63dcc14